AoeStats
← digitallimao

Arena

510159004Analyzed
2v2 RM · 18h ago on Sep 29, 2026· 65m 36s· 4 players
Game mode
Random Map
Map size
Medium (4 player)
Population
200
Speed
Normal
Resources
Standard
Victory
Conquest
Starting age
Dark Age
Ending age
Imperial Age
RankedLock teamsTeams togetherTeam positionsShared explorationLock speedFull tech treeHidden civsTurbo modeCheats
Victory
Defeat
🇧🇷 Malians · Brazil
1496
+18
🇧🇷 Koreans · Brazil
1460
+20
1574
-20
🇨🇱 Varangians · Chile
1523
-18
[CL] Guatona, Guatona qla fea
9:35 Feudal Age
8:15 Loom
13:44 Castle Age
13:39 Double-Bit Axe
14:35 Horse Collar
17:09 Fervor
20:27 Heavy Plow
21:01 Bow Saw
21:43 Sanctity
23:16 Wheelbarrow
24:31 Hand Cart
28:39 Imperial Age
28:09 Chemistry
30:25 Conscription
32:51 Padded Archer Armor
33:06 Elite Skirmisher
34:04 Leather Archer Armor
35:56 Elite Skirmisher
38:49 Ring Archer Armor
38:56 Elite Skirmisher
41:00 Fletching
41:36 Bodkin Arrow
42:22 Ballistics
44:14 Hussite Reforms
44:16 Wagenburg Tactics
44:37 Bracer
44:55 Pikeman
45:35 Squires
45:37 Scale Mail Armor
45:47 Forging
45:24 Arson
46:29 Block Printing
46:15 Devotion
46:25 Redemption
46:51 Theocracy
46:17 Atonement
46:05 Halberdier
47:34 Chain Mail Armor
47:54 Iron Casting
47:32 Masonry
49:21 Plate Mail Armor
51:14 Blast Furnace
50:54 Bombard Tower
51:05 Architecture
50:51 Man-at-Arms
55:45 Two-Man Saw
[CL] TheCobra
9:51 Feudal Age
13:32 Castle Age
11:36 Double-Bit Axe
12:04 Horse Collar
14:42 Bow Saw
18:10 Loom
18:14 Town Watch
21:20 Wheelbarrow
22:31 Gold Mining
28:21 Imperial Age
26:15 Scale Barding Armor
26:21 Forging
26:58 Hand Cart
26:33 Vendel Legacy
27:37 Chain Barding Armor
27:23 Heavy Plow
28:24 Iron Casting
28:46 Bloodlines
28:36 Husbandry
29:02 Cavalier
31:22 Plate Barding Armor
36:02 Conscription
36:50 Blast Furnace
36:39 Scale Mail Armor
36:03 Pikeman
36:44 Squires
38:59 Light Cavalry
39:56 Chain Mail Armor
39:06 Halberdier
40:19 Hussar
41:24 Caravan
46:47 Siege Engineers
47:46 Chemistry
46:57 Masonry
48:07 Crop Rotation
48:38 Two-Man Saw
59:11 Plate Mail Armor
58:33 Elite Varangian Guard
60:18 Ballistics
60:28 Architecture
digitallimao
10:24 Feudal Age
14:22 Castle Age
12:57 Double-Bit Axe
12:58 Horse Collar
15:39 Bow Saw
19:47 Devotion
20:32 Squires
21:19 Town Watch
24:21 Forging
26:04 Wheelbarrow
30:54 Imperial Age
28:43 Scale Mail Armor
29:57 Chain Mail Armor
30:30 Hand Cart
30:31 Loom
30:45 Stone Mining
30:45 Gold Mining
30:57 Heavy Plow
30:56 Arson
32:09 Plate Mail Armor
31:27 Elite Gbeto
33:03 Iron Casting
33:05 Fletching
34:58 Plate Mail Armor
35:34 Crop Rotation
36:05 Bodkin Arrow
36:37 Conscription
36:53 Hoardings
35:44 Elite Skirmisher
38:17 Masonry
39:08 Chemistry
39:43 Hand Cart
40:32 Scale Barding Armor
40:44 Padded Archer Armor
43:11 Chain Barding Armor
42:52 Farimba
42:17 Light Cavalry
43:07 Bloodlines
42:57 Husbandry
44:52 Plate Barding Armor
45:21 Stone Shaft Mining
45:21 Gold Shaft Mining
44:16 Pikeman
46:02 Architecture
46:06 Leather Archer Armor
46:08 Heavy Camel Rider
52:25 Ballistics
54:02 Ring Archer Armor
57:12 Man-at-Arms
62:09 Treadmill Crane
63:44 Murder Holes
rick rush
10:38 Feudal Age
9:50 Loom
15:50 Castle Age
14:16 Fletching
14:45 Double-Bit Axe
16:37 Bodkin Arrow
20:05 Devotion
21:17 Loom
32:19 Imperial Age
30:36 Ballistics
34:08 Chemistry
34:21 Bracer
36:14 Wheelbarrow
36:51 Arrowslits
37:07 Murder Holes
39:55 Elite War Wagon
40:57 Conscription
42:47 Bow Saw
44:08 Stone Mining
44:08 Gold Mining
53:08 Husbandry
Connection lost

Rejoining the realm…

Still unreachable

The connection could not be restored.

Session expired

The server has moved on; the page needs a fresh start.